 Dungeon Crawl Stone Soup version 0.14.0-20-g75a2fc2 (webtiles) character file.

589 HungrySpirit the Chopper (level 6, -2/57 HPs)
             Began as a Deep Dwarf Monk on Apr 21, 2014.
             Killed by divine providence
             ... invoked by an orc priest
              (12 damage)
             ... on Level 4 of the Dungeon.
             The game lasted 00:07:24 (2548 turns).

HungrySpirit the Chopper (Deep Dwarf Monk)          Turns: 2548, Time: 00:07:24

HP  -2/57        AC  7     Str 17      XL: 6   Next: 94%
MP   6/6         EV  8     Int 10      God:
Gold 91          SH  0     Dex 11 (15) Spells:  0 memorised,  5 levels left

rFire  . . .     SeeInvis .     r - +2,+0 war axe
rCold  + . .     Clarity  .     p - +1 scale mail {rC+} (curse)
rNeg   . . .     Conserve .     (no shield)
rPois  .         rCorr    .     (no helmet)
rElec  .         rRot     .     (no cloak)
SustAb . .       Spirit   .     (no gloves)
rMut   .         Warding  .     (no boots)
Saprov . . .     Stasis   .     (no amulet)
MR     .....                    (no ring)
                                (no ring)

@: non-regenerating, not resistant to hostile enchantments, extremely unstealthy
A: damage resistance, recharge devices, sense surroundings 1, slow healing 3
a: Device Recharging


You were on level 4 of the Dungeon.
You were hungry.

You visited 1 branch of the dungeon, and saw 4 of its levels.

You collected 91 gold pieces.

Inventory:

Hand weapons
 m - a +0,+0 club
 n - a +0,+0 hand axe
 r - a +2,+0 war axe (weapon)
Armour
 p - a cursed +1 scale mail of cold resistance (worn)
Magical devices
 b - a wand of heal wounds (1)
Comestibles
 c - 4 bread rations
 u - a snozzcumber
Scrolls
 d - a scroll of enchant armour {unknown}
 g - 3 scrolls of identify
 h - 2 scrolls of teleportation {unknown}
 j - a scroll of enchant weapon II {unknown}
 l - 2 scrolls of immolation
 q - a scroll of fog {unknown}
 s - a scroll of blinking {unknown}
 y - 2 scrolls of noise {unknown}
Potions
 a - 3 potions of flight
 e - a potion of agility
 f - a potion of restore abilities {unknown}
 k - a potion of invisibility {unknown}
 o - a potion of curing
 v - a potion of mutation {unknown}
 w - a potion of brilliance {unknown}
 x - a potion of lignification {unknown}


   Skills:
 - Level 4.1 Fighting
 + Level 6.8 Axes
 - Level 3.2 Dodging
 - Level 2.4 Stealth
 - Level 3.6 Unarmed Combat


You had 5 spell levels left.
You didn't know any spells.

Dungeon Overview and Level Annotations

Branches:
Dungeon (4/15)
 Temple: D:4-7

Altars:
Sif Muna

Annotations:
D:3 exclusion: door


Innate Abilities, Weirdness & Mutations

You are resistant to damage.
You can recharge devices by infusing magical energy.
You passively map a small area around you.
You do not heal naturally.


Message History

* * * LOW HITPOINT WARNING * * *
Drink which item? (? for menu, Esc to quit)
Okay, then.
Read which item? (? for menu, Esc to quit)
As you read the scroll labeled YSEOMO BOESS, it crumbles to dust.
It is a scroll of identify.
Identify which item? (\ to view known items) (? for menu, Esc to quit)
l - 2 scrolls of immolation The orc hits you but does no damage.
You open the door. The orc hits you with a club.
There is an open door here.
Found 14 poisoned needles.
You open the door. The orc hits you with a club.
* * * LOW HITPOINT WARNING * * *
There is an open door here.
There is an open door here.
There is an open door here.
The orc priest mumbles some strange prayers to Beogh against you.
Something smites you!
You die...

###### ##########
#....# #........#
#....########........#
*#....##o..oo...))....#
#....o..#####.o@)....#
+....#### ######.###
#....# #.# ###o## ##.#
##o# #..# ##..# ####.##
#..## #....# ##o#####
##'####### .......#
###........#


You could see an orc warrior, an orc priest and 2 orcs.

Vanquished Creatures
  Menkaure (D:4)
  2 orc priests
  A giant frog zombie (D:3)
  A quasit (D:3)
  5 orc wizards
  3 adders
  2 gnolls
  A giant mite (D:4)
  An inept feature mimic (D:4)
  A giant eyeball (D:4)
  A giant gecko (D:3)
  8 orcs
  11 bats
  6 giant cockroaches
  13 goblins
  8 hobgoblins
  6 kobolds
  2 quokkas
  4 giant newts
  6 rats
83 creatures vanquished.

Notes
Turn   | Place    | Note
--------------------------------------------------------------
     0 | D:1      | HungrySpirit, the Deep Dwarf Monk, began the quest for the Orb.
     0 | D:1      | Reached XP level 1. HP: 20/20 MP: 1/1
   135 | D:1      | Reached XP level 2. HP: 17/28 MP: 2/2
  1016 | D:2      | Reached XP level 3. HP: 19/36 MP: 3/3
  1164 | D:2      | Reached skill level 4 in Fighting
  1520 | D:3      | Reached skill level 1 in Axes
  1530 | D:2      | Reached XP level 4. HP: 23/44 MP: 4/4
  1597 | D:2      | HP: 2/44 [orc/war axe (2)]
  1625 | D:3      | Reached XP level 5. HP: 7/50 MP: 5/5
  2186 | D:3      | Found a deep blue altar of Sif Muna.
  2201 | D:3      | Reached skill level 5 in Axes
  2434 | D:4      | Noticed Menkaure
  2440 | D:4      | Killed Menkaure
  2440 | D:4      | Reached skill level 6 in Axes
  2440 | D:4      | Reached XP level 6. HP: 28/57 MP: 6/6
  2447 | D:4      | Paralysed by a giant eyeball for 4 turns
  2505 | D:4      | Noticed an orc warrior
  2548 | D:4      | Killed from afar by an orc priest

Action                   |  1- 3 |  4- 6 || total
-------------------------+-------+-------++-------
Melee: Dagger            |    76 |       ||    76
       Unarmed           |     1 |       ||     1
       Club              |   164 |       ||   164
       Hand axe          |    22 |    28 ||    50
       War axe           |       |   114 ||   114
Evoke: Wand              |     2 |     2 ||     4
  Use: Potion            |       |     5 ||     5
       Scroll            |       |     1 ||     1
 Stab: Sleeping          |     2 |       ||     2
